 Dungeon Crawl Stone Soup version 0.32-a0-876-gcfddb08e57 (webtiles) character file.

Game seed: 3979776279887045050

43 ezpacito the Chopper (level 3, 0/43 HPs)
             Began as a Coglin Chaos Knight on Apr 1, 2024.
             Was a Plaything of Xom.
             Slain by a gnoll
             ... wielding a +0 halberd
              (4 damage)
             ... on level 2 of the Dungeon.
             The game lasted 00:01:42 (1395 turns).

ezpacito the Chopper (Coglin Chaos Knight)          Turns: 1395, Time: 00:01:43

Health: 0/43       AC: 21    Str: 13    XL:     3   Next: 58%
Magic:  3/3        EV:  2    Int: 10    God:    Xom [.....*]
Gold:   106        SH:  0    Dex: 17    Spells: 2/2 levels left

rFire   . . .        a - +0 hand axe (chaos) {Byeongho}
rCold   . . .        p - +1 flail (distort) {Thamphthis}
rNeg    . . .        b - melded +2 leather armour
rPois   +            (helmet currently unavailable)
rElec   .            (cloak currently unavailable)
rCorr   .            (gloves currently unavailable)
SInv    .            (boots currently unavailable)
Will    .....        (no amulet)
Stlth   ++           (no ring)
HPRegen 0.27/turn    (no ring)
MPRegen 0.08/turn    (no gizmo)

%: no passive effects
@: tree-form, revving
A: stationary, stasis, torment immunity, boosted hp, off-hand wielding, slow
wielding, warmup strikes, (no jewellery), agile 1, (fire resistance 1), (sturdy
frame 1)
a: Invent Gizmo, Renounce Religion


You were on level 2 of the Dungeon.
You worshipped Xom.
You were Xom's teddy bear.
You were a tree.
You visited 1 branch of the dungeon, and saw 2 of its levels.

You collected 106 gold pieces.

Inventory:

Hand Weapons
 a - a +0 hand axe of chaos (weapon) {Byeongho}
 p - a +1 flail of distortion (offhand) {Thamphthis}
Armour
 b - a +2 leather armour (melded)
Magical Staves
 g - a staff of alchemy
Talismans
 j - a flux talisman
 k - a blade talisman
Scrolls
 t - a scroll of teleportation


   Skills:
 * Level 3.3 Fighting
 * Level 3.3(3.4) Axes
 + Level 0.4(1.9) Polearms
 * Level 2.1 Armour
 * Level 1.2 Dodging
 + Level 0.6 Stealth
 + Level 0.0 Unarmed Combat
 + Level 0.1 Spellcasting
 + Level 0.0 Alchemy
 + Level 0.1 Evocations


You had 2 spell levels left.
You didn't know any spells.
Your spell library contained the following spells:

 Spells                   Type           Power      Damage    Failure   Level
 Slow                     Hex            0%         N/A       36%         1
 Summon Small Mammal      Summ           0%         N/A       36%         1
 Call Canine Familiar     Summ           0%         N/A       75%         3
 Confusing Touch          Hex            0%         N/A       75%         3
 Sigil of Binding         Hex            0%         N/A       75%         3
 Vampiric Draining        Necr           0%         2d6       75%         3
 Dimensional Bullseye     Hex/Tloc       0%         N/A       98%         4


Dungeon Overview and Level Annotations

Branches:
Dungeon (2/15)

Altars:


Innate Abilities, Weirdness & Mutations

You are a tree.
Your roots penetrate the ground, keeping you stationary.
You cannot be teleported.
You are immune to unholy pain and torment.
Your maximum health is greatly increased.
Your equipment is partially melded.
You can wield a second weapon in your off-hand.
It takes a long time for you to wield or remove held weapons.
Your first few attacks do less damage.
((You cannot equip rings or amulets.))
You are agile. (Dex +4, Str/Int -1)
((Your flesh is heat resistant. (rF+)))
((Your movements are slightly less encumbered by armour. (ER -2)))


Message History

It is a scroll of identify.
i - a scroll of teleportation;
t - a scroll of teleportation
As you read the scroll labelled PUDWAA RODI, it crumbles to dust.
You hear a loud clanging noise!
It was a scroll of noise.
The goblin hits your butterfly with a +0 dagger.
Your butterfly dies!
Your butterfly disappears in a burst of colours!
As you read the scroll labelled XUAZXE WUACWI, it dissolves into smoke.
It was a scroll of fog.
The gnoll stops moving altogether!
As you read the scroll labelled YRECEP XAEN, it crumbles to dust.
It is a scroll of amnesia.
You feel forgetful for a moment.
The gnoll hits your butterfly with a +0 club!
Your butterfly dies!
Your butterfly disappears in a burst of colours!
You aren't carrying any items that you can evoke.
You aren't carrying any potions.
Okay, then.
You cannot move.
You swing at nothing.
You barely miss the gnoll with your +1 flail of distortion.
You hit the gnoll but do no damage.
The gnoll is poisoned.
The gnoll hits you from afar with a +0 halberd.
* * * LOW HITPOINT WARNING * * *
The gnoll barely misses your butterfly. The gnoll hits you but does no damage.
You take 4 damage, and have 6/43 hp.
You hit the gnoll with your +0 hand axe of chaos.
You freeze the gnoll.
The gnoll is moderately wounded.
You hit the gnoll with your +1 flail of distortion.
Space warps horribly around the gnoll!
You kill the gnoll! "Catch!"
Something appears at your feet!
The gnoll hits you from afar with a +0 halberd.
* * * LOW HITPOINT WARNING * * *
Something closely misses your butterfly.
The gnoll hits you from afar with a +0 halberd.
You die...

#.. #. #.####.#.# #.
#.#..#.#.# #. #.#..#.#.# #.
#.#..#.#.# #b######
#.#..#.#.# #b#....#
#.#..#.#.#
##.#.#.#g##b###.#..#.#.####
....g.g.g§♣bbb.............
##.#.#K#.#bb#.#.#..#.#.####
#b#b#§§#<.....#.#.#
#b#.########.##.#..
#.#..........##.######
#.#############....... ..
#.........#### #.
#.#######.# #.####.# #.#


You could see 2 gnolls.

Vanquished Creatures
  2 gnolls (D:2)
  A ribbon worm (D:2)
  2 bats
  An endoplasm (D:1)
  3 giant cockroaches
  2 goblins (D:2)
  3 hobgoblins
  3 jackals (D:2)
  5 kobolds
  2 ball pythons
  3 frilled lizards
  6 rats
33 creatures vanquished.

Notes
Turn   | Place    | Note
-------+----------+-------------------------------------------
     0 | D:1      | ezpacito the Coglin Chaos Knight began the quest for the
                  | Orb.
     0 | D:1      | Reached XP level 1. HP: 18/18 MP: 1/1
   146 | D:1      | XOM: divination: detect creatures
   224 | D:1      | XOM: silly message
   235 | D:1      | Reached skill level 1 in Dodging
   235 | D:1      | Reached XP level 2. HP: 19/24 MP: 2/2
   683 | D:2      | XOM: scenery: summon butterflies
   833 | D:2      | Reached XP level 3. HP: 29/29 MP: 3/3
   912 | D:2      | Found a faded altar of an unknown god.
   926 | D:2      | Got Plato's Vellum of Company
  1309 | D:2      | XOM: give mutations
  1309 | D:2      | Gained mutation: You have a beak for a mouth. [Xom's grace]
  1309 | D:2      | Gained mutation: Your flesh is heat resistant. (rF+) [Xom's
                  | grace]
  1309 | D:2      | Gained mutation: You are partially covered in iridescent
                  | scales. (AC +2) [Xom's grace]
  1309 | D:2      | Gained mutation: Your flesh is very heat resistant. (rF++)
                  | [Xom's grace]
  1387 | D:2      | XOM: enchant monster (good)
  1388 | D:2      | Lost mutation: You have a beak for a mouth. [potion of
                  | mutation]
  1388 | D:2      | Lost mutation: You are partially covered in iridescent
                  | scales. (AC +2) [potion of mutation]
  1388 | D:2      | Lost mutation: Your flesh is very heat resistant. (rF++)
                  | [potion of mutation]
  1388 | D:2      | Gained mutation: Your movements are slightly less
                  | encumbered by armour. (ER -2) [potion of mutation]
  1388 | D:2      | Gained mutation: You are agile. (Dex +4, Str/Int -1)
                  | [potion of mutation]
  1395 | D:2      | XOM: god gift: 33 gold pieces
  1395 | D:2      | Slain by a gnoll

Illustrated notes

Levels and vault maps discovered:
D:1:      wander_arrival_fairy_ring, layout_basic
D:2:      layout_basic, shapermc_ecumenical_altar_rom_forum

Skill      XL: |  1  2 |
---------------+-------+-----
Dodging        | 1 |  1.2
Armour         | 2 |  2.1
Fighting       | |  3.3
Axes           | |  3.3
Polearms       | |  0.4
Stealth        | |  0.6
Spellcasting   | |  0.1
Evocations     | |  0.1

Action                     || total
---------------------------++-------
  Melee: Dagger            ||    51
         Hand axe          ||    59
         Flail             ||     9
    Use: Scroll            ||     5
         Potion            ||     4
   Stab: Paralysed         ||     1
 Armour: Leather armour    ||    31
         Skin              ||     4
  Dodge: Dodged            ||    41

Table legend: (Time is in decaauts)
 A = Elapsed time spent in this place.
 B = Non-inter-level travel time spent in this place.
 C = Inter-level travel time spent in this place.
 D = Time resting spent in this place.
 E = Time spent auto-exploring this place.
 F = Levels seen in this place.
 G = Mean time per level.
                   A        B        C        D        E       F      G
               +--------+--------+--------+--------+--------+-----+--------+
         Total |   1401 |   1343 |     58 |      0 |   1096 |   2 |  700.5 |
       Dungeon |   1401 |   1343 |     58 |      0 |   1096 |   2 |  700.5 |
               +--------+--------+--------+--------+--------+-----+--------+

Top non-repeatable levels by time:
     D:2: 731 daAuts
     D:1: 669 daAuts
